 Dungeon Crawl Stone Soup version 0.26.0-16-gc1dbca0489 (webtiles) character file.

Game seed: 16137549407576632790

599 thiole the Sneak (level 7, 0/41 HPs)
             Began as an Octopode Hedge Wizard on Jan 19, 2021.
             Was an Initiate of Gozag.
             Slain by an ogre
             ... wielding a +0 giant spiked club
              (15 damage)
             ... on level 5 of the Dungeon.
             The game lasted 00:14:29 (6806 turns).

thiole the Sneak (Octopode Hedge Wizard)            Turns: 6806, Time: 00:14:29

Health: 0/41       AC:  1    Str:  9    XL:     7   Next: 41%
Magic:  13/13      EV: 14    Int: 19    God:    Gozag
Gold:   630        SH:  0    Dex: 11    Spells: 9/15 levels left

rFire    . . .     SeeInvis .   j - +2 dagger (venom)
rCold    + . .     Faith    .   (no shield)
rNeg     . . .     Spirit   .   b - +0 hat
rPois    .         Reflect  .   (no amulet)
rElec    .         Harm     .   q - ring of protection from cold
rCorr    +         Rampage  .   u - ring of wizardry
Will     .....                  t - ring of wizardry
Stlth    ++++......             e - ring of resist corrosion
HPRegen  0.13/turn              (no ring)
MPRegen  0.13/turn              (no ring)
                                (no ring)
                                (no ring)

@: studying Dodging
A: almost no armour, stealthy swim, amphibious, 8 rings, constrict 8, camouflage
1, gelatinous body 1
a: Renounce Religion, Potion Petition, Call Merchant, Bribe Branch


You were on level 5 of the Dungeon.
You worshipped Gozag.
Gozag was pleased with you.
You visited 1 branch of the dungeon, and saw 5 of its levels.

You collected 681 gold pieces.
You spent 28 gold pieces at shops.
You paid 23 gold pieces to Gozag.

Inventory:

Hand Weapons
 a - a +0 dagger
 j - a +2 dagger of venom (weapon)
Armour
 b - a +0 hat (worn)
Jewellery
 e - a ring of resist corrosion (on tentacle)
 q - a ring of protection from cold (left tentacle)
 t - a ring of wizardry (on tentacle)
 u - a ring of wizardry (right tentacle)
Scrolls
 f - 3 scrolls of remove curse {unknown}
 g - 2 scrolls of teleportation {unknown}
 h - 3 scrolls of fear {unknown}
 i - 2 scrolls of enchant weapon {unknown}
 k - 3 scrolls of amnesia {unknown}
 l - a scroll of immolation {unknown}
 o - 3 scrolls of enchant armour {unknown}
 r - a scroll of magic mapping {unknown}
 v - a scroll of fog {unknown}
 w - 3 scrolls of identify
Potions
 c - 3 potions of flight
 d - a potion of cancellation
 m - 2 potions of attraction
 n - a potion of brilliance {unknown}
 p - 2 potions of curing {unknown}
 s - a potion of invisibility {unknown}
Books
 x - a manual of Dodging


   Skills:
 * Level 3.9 Dodging
 + Level 5.7 Stealth
 + Level 4.5 Spellcasting
 - Level 2.0 Conjurations
 - Level 2.0 Summonings
 - Level 1.0 Translocations
 * Level 2.2 Air Magic
 * Level 2.8 Poison Magic


You had 9 spell levels left.
You knew the following spells:

 Your Spells              Type           Power        Failure   Level
a - Magic Dart            Conj           44%          1%          1
b - Call Imp              Summ           11%          2%          2
c - Mephitic Cloud        Conj/Pois/Air  13%          4%          3

Your spell library contained the following spells:

 Spells                   Type           Power        Failure   Level
 Blink                    Tloc           N/A          3%          2
 Slow                     Hex            4%           5%          2
 Conjure Flame            Conj/Fire      8%           7%          3


Dungeon Overview and Level Annotations

Branches:
Dungeon (5/15)             Temple (0/1) D:4

Altars:
Gozag
Nemelex Xobeh
Okawaru
Trog
Yredelemnul
The Shining One

Shops:
D:4 ??((

Annotations:
D:4 Purgy


Innate Abilities, Weirdness & Mutations

You cannot wear most types of armour.
You are very stealthy in the water. (Stealth+)
You are amphibious.
You can wear up to eight rings at the same time.
You can use your tentacles to constrict eight enemies at once.
Your skin changes colour to match your surroundings (Stealth+).
Your rubbery body absorbs attacks. (AC +1, EV +1)


Message History

w - 3 scrolls of identify (gained 1)
You now have 630 gold pieces (gained 5).
x - a manual of Dodging
Okay, then.
An ogre comes into view. It is wielding a +0 giant spiked club.
The helpless ogre fails to defend itself.
You puncture the ogre!
The ogre is severely wounded.
The ogre hits you with a +0 giant spiked club.
You barely miss the ogre. Your squeeze misses the ogre.
The ogre is severely wounded.
The ogre hits you with a +0 giant spiked club!!
Ouch! That really hurt!
You closely miss the ogre.
The ogre is severely wounded.
You barely miss the ogre.
The ogre is severely wounded.
The ogre hits you with a +0 giant spiked club!
You die...
Your body crumbles into a pile of gold.

.# ##.. #..#. ...#.##
#..#..### #...
.......##O.##.#.....
##..##.#.#@..#......
........##.##.......
.....##............
.###..............
##...........#
#............# ..
..#...........##.# #. .
...............##.##.##..
............)...#..#....##


You could see an ogre.

Vanquished Creatures
  An ice beast (D:5)
  A scorpion (D:4)
  A hound (D:5)
  2 orc priests (D:4)
  An orc wizard (D:3)
  An iguana (D:4)
  2 worker ants
  Robin (D:2)
  8 adders
  An ooze (D:3)
  An adder skeleton (D:4)
  8 worms
  4 dart slugs
  2 leopard geckos
  13 orcs
  9 bats
  5 giant cockroaches
  20 goblins
  10 hobgoblins
  12 jackals
  14 kobolds
  A quokka (D:3)
  A ball python (D:1)
  4 frilled lizards
  A leopard gecko skeleton (D:3)
  14 rats
138 creatures vanquished.

Notes
Turn   | Place    | Note
-------+----------+-------------------------------------------
     0 | D:1      | thiole the Octopode Hedge Wizard began the quest for the
                  | Orb.
     0 | D:1      | Reached XP level 1. HP: 11/11 MP: 4/4
    57 | D:1      | Reached skill level 3 in Stealth
    57 | D:1      | Reached XP level 2. HP: 13/17 MP: 6/6
   870 | D:1      | Reached XP level 3. HP: 19/21 MP: 3/7
  1583 | D:1      | Learned a level 2 spell: Call Imp
  1587 | D:1      | Learned a level 3 spell: Mephitic Cloud
  1747 | D:2      | Noticed Robin
  1801 | D:2      | Killed Robin
  1802 | D:2      | Reached XP level 4. HP: 14/27 MP: 6/9
  2552 | D:2      | Found an opulent altar of Gozag.
  2693 | D:2      | Became a worshipper of Gozag Ym Sagoz the Greedy
  3217 | D:2      | Noticed a moth of wrath
  3220 | D:2      | Found a bloodstained altar of Trog.
  3240 | D:2      | Reached skill level 4 in Stealth
  3445 | D:3      | Reached XP level 5. HP: 31/31 MP: 10/10
  4374 | D:3      | Found a sparkling altar of Nemelex Xobeh.
  4472 | D:3      | Reached XP level 6. HP: 23/36 MP: 8/12
  4700 | D:3      | Found a bloodstained altar of Trog.
  5006 | D:3      | Reached skill level 5 in Stealth
  5186 | D:4      | Found Pono Iju's Magic Scroll Shoppe.
  5553 | D:4      | Reached skill level 1 in Poison Magic
  5555 | D:4      | HP: 1/36 [orc/+0 trident (6)]
  5885 | D:4      | Found Ysuvonuh's Weapon Boutique.
  5897 | D:4      | Found Afem's Antique Weapon Emporium.
  5966 | D:4      | Found a staircase to the Ecumenical Temple.
  5974 | D:4      | Reached skill level 1 in Air Magic
  6074 | D:4      | Noticed Purgy
  6085 | D:5      | Entered Level 5 of the Dungeon
  6096 | D:5      | Reached XP level 7. HP: 30/41 MP: 8/13
  6325 | D:4      | Found a glowing golden altar of the Shining One.
  6398 | D:4      | Found Sojola's Magic Scroll Shoppe.
  6407 | D:4      | Bought a scroll of identify for 28 gold pieces
  6521 | D:5      | Found a basalt altar of Yredelemnul.
  6766 | D:5      | Found an iron altar of Okawaru.
  6806 | D:5      | Slain by an ogre

Illustrated notes

Levels and vault maps discovered:
D:1:      mrwooster_arrival_statue_2, layout_basic,
          ebering_dispersal_statue_hall
D:2:      layout_basic, old_standard_altar, tgw_trog, uniq_robin
D:3:      layout_loops_corners, nemelex_xobeh_ov_fountains_minmay,
          grunt_ministairs_10, trog_hazing_becter
D:4:      layout_rooms, lemuel_coloured_pillars_altar, temple_green,
          serial_shops, nicolae_shop_stone, shop_fountains, shop_statue,
          shop_fountains, uniq_purgy
D:5:      layout_cave_pools, nicolae_overflow_hidden_temple, okawaru_gym_becter,
          kennysheep_mini, minmay_manual_mess

Skill      XL: |  1  2  3  4  5  6  7 |
---------------+----------------------+-----
Stealth        | 3 4 5 |  5.7
Summonings     | 2 |  2.0
Conjurations   | 2 |  2.0
Dodging        | 3 |  3.9
Spellcasting   | 4 |  4.5
Poison Magic   | 2 |  2.8
Air Magic      | 1 2 |  2.2
Translocations | |  1.0

Action                   |  1- 3 |  4- 6 |  7- 9 || total
-------------------------+-------+-------+-------++-------
Melee: Dagger            |    62 |   103 |    21 ||   186
       Constrict         |    19 |    30 |     2 ||    51
       Tentacles         |    12 |    16 |     5 ||    33
 Cast: Magic Dart        |    55 |   195 |    22 ||   272
  Use: Scroll            |       |     6 |       ||     6
 Stab: Sleeping          |       |     2 |     1 ||     3
Armor: Skin              |     5 |     2 |     1 ||     8
Dodge: Dodged            |    37 |    66 |     6 ||   109
